 Dungeon Crawl Stone Soup version 0.23.2-33-g5129a83184 (webtiles) character file.

Game seed: 15313763749724370412

347 Folque the Digger (level 6, 0/48 HPs)
             Began as a Draconian Earth Elementalist on June 30, 2019.
             Succumbed to kobold's curare-tipped needle
             ... on level 3 of the Dungeon.
             The game lasted 00:07:58 (1996 turns).

Folque the Digger (Draconian Earth Elementalist)    Turns: 1996, Time: 00:07:59

Health: 0/48       AC:  7    Str: 10    XL:     6   Next: 32%
Magic:  9/12       EV: 12    Int: 18    God:
Gold:   155        SH:  0    Dex: 11    Spells: 2/13 levels left

rFire    . . .     SeeInvis .   o - +2 flail (crush)
rCold    . . .     Gourm    .   (no shield)
rNeg     . . .     Faith    .   (armour unavailable)
rPois    .         Spirit   .   (helmet restricted)
rElec    .         Reflect  .   h - +0 cloak
rCorr    .         Harm     .   (no gloves)
MR       .....                  (no boots)
Stlth    ++........             (no amulet)
HPRegen  0.16/turn              (no ring)
MPRegen  0.13/turn              (no ring)

@: lethally poisoned (0 -> -30)
A: unfitting armour, cold-blooded, AC +6
a: no special abilities


You were on level 3 of the Dungeon.
You were hungry.

You visited 1 branch of the dungeon, and saw 3 of its levels.

You collected 155 gold pieces.

Inventory:

Hand Weapons
 e - a +1 mace of protection
 o - a +2 flail of crushing (weapon)
 q - a +1 dagger of electrocution
Missiles
 b - 118 stones (quivered)
 u - 3 tomahawks of dispersal
Armour
 h - a +0 cloak (worn)
 v - a +0 buckler
Jewellery
 i - a cursed ring of see invisible {unknown}
Scrolls
 a - a scroll of fear {unknown}
 d - 4 scrolls of teleportation
 f - a scroll of immolation {unknown}
 g - 3 scrolls of identify {unknown}
 k - 3 scrolls of remove curse {unknown}
 p - a scroll of fog {unknown}
 s - a scroll of random uselessness {unknown}
Potions
 j - a potion of mutation {unknown}
 l - a potion of brilliance
 m - a potion of ambrosia {unknown}
 n - a potion of curing {unknown}
 t - a potion of cancellation
 w - a potion of flight {unknown}
 x - a potion of magic {unknown}
Comestibles
 c - 4 rations
 r - 12 chunks of flesh


   Skills:
 - Level 2.2 Fighting
 + Level 2.0 Dodging
 - Level 1.7 Stealth
 - Level 4.4 Spellcasting
 * Level 1.7 Conjurations
 - Level 1.0 Transmutations
 + Level 4.5 Earth Magic


You had 2 spell levels left.
You knew the following spells:

 Your Spells              Type           Power        Failure   Level  Hunger
a - Sandblast             Erth           ###...       2%          1    None
b - Passwall              Tmut/Erth      ##......     7%          2    ##.....
c - Stone Arrow           Conj/Erth      ###...       12%         3    ###....
d - Lee's Rapid Deconstr  Erth           ###.......   52%         5    ######.

Your spell library contained the following spells:

 Spells                   Type           Power        Failure   Level  Hunger
 Petrify                  Tmut/Erth      ##......     41%         4    ####...


Dungeon Overview and Level Annotations

Branches:
Dungeon (3/15)

Altars:
Ru


Innate Abilities, Weirdness & Mutations

Your plain brown scales are hard. (AC +6)
You cannot fit into any form of body armour.
You are cold-blooded and may be slowed by cold attacks.


Message History

You are lethally poisoned!
You have difficulty breathing.
* * * LOW HITPOINT WARNING * * *
You feel as though you will be slow longer.
It was a potion of brilliance.
You feel clever all of a sudden.
* * * LOW HITPOINT WARNING * * *
You feel very sick. The adder skeleton barely misses you.
The kobold shoots a curare-tipped needle.
The curare-tipped needle misses you. The adder skeleton closely misses you.
* * * LOW HITPOINT WARNING * * *
You feel very sick. The adder skeleton bites you.
* * * LOW HITPOINT WARNING * * *
It was a potion of cancellation.
Your magical effects are unravelling.
You feel magically purged.
You feel yourself speed up.
You feel a little less clever now.
You die...

.........# #..##.##
.........# #.P.P.P#
.###+#####
###.≈.≈≈.# .#
....≈≈.P# ## #
#..≈≈≈≈P# #
#<.#..≈≈≈≈.# +
#.....ZK...# #
######Z# # #....@.#
#.###### ###.######
. #........# .##..
.. #........#
.##.....##........#
#[..............#
#..####.####....#
#..##..(..##..).#


You could see a jackal zombie, a kobold and an adder skeleton.

Vanquished Creatures
  Sigmund (D:2)
  An orc priest (D:3)
  An orc wizard (D:2)
  Jessica (D:2)
  Terence (D:2)
  An ooze (D:1)
  3 worms
  2 dart slugs (D:1)
  A leopard gecko (D:3)
  5 orcs
  3 ball pythons (D:1)
  8 bats
  3 giant cockroaches (D:1)
  7 goblins
  4 hobgoblins
  3 jackals (D:3)
  2 kobolds
  3 frilled lizards (D:1)
  A quokka zombie (D:3)
  4 rats
55 creatures vanquished.

Notes
Turn   | Place    | Note
-------+----------+-------------------------------------------
     0 | D:1      | Folque the Draconian Earth Elementalist began the quest for
                  | the Orb.
     0 | D:1      | Reached XP level 1. HP: 14/14 MP: 3/3
   123 | D:1      | Reached skill level 1 in Fighting
   167 | D:1      | Reached XP level 2. HP: 23/23 MP: 5/5
   462 | D:1      | Learned a level 2 spell: Passwall
   568 | D:1      | Reached XP level 3. HP: 29/29 MP: 6/6
   751 | D:2      | Noticed Jessica
   757 | D:2      | Killed Jessica
   765 | D:2      | Learned a level 3 spell: Stone Arrow
   956 | D:2      | Noticed Terence
   961 | D:2      | Killed Terence
   961 | D:2      | Reached XP level 4. HP: 36/36 MP: 1/8
  1220 | D:2      | Reached skill level 1 in Conjurations
  1260 | D:2      | Noticed Sigmund
  1377 | D:2      | Killed Sigmund
  1377 | D:2      | Reached XP level 5. HP: 31/41 MP: 0/11
  1377 | D:2      | Reached XP level 6. HP: 36/48 MP: 0/12
  1384 | D:2      | Learned a level 5 spell: Lee's Rapid Deconstruction
  1875 | D:3      | Found a sacrificial altar of Ru.
  1996 | D:3      | Succumbed to kobold's curare-tipped needle

Skill      XL: |  1  2  3  4  5  6 |
---------------+-------------------+-----
Fighting       | 1 2 |  2.2
Spellcasting   | 3 4 |  4.4
Conjurations   | 1 |  1.7
Earth Magic    | 4 |  4.5
Dodging        | 2 |  2.0
Stealth        | |  1.7
Transmutations | |  1.0

Action                   |  1- 3 |  4- 6 || total
-------------------------+-------+-------++-------
Melee: Mace              |    51 |       ||    51
       Unarmed           |     3 |       ||     3
       Tailslap          |     5 |     3 ||     8
       Flail             |       |    82 ||    82
 Cast: Sandblast         |    14 |     9 ||    23
       Stone Arrow       |     2 |     7 ||     9
  Use: Scroll            |     1 |       ||     1
       Potion            |       |     2 ||     2
 Stab: Sleeping          |     3 |     3 ||     6
  Eat: Chunk             |       |     4 ||     4
Armor: Skin              |    32 |    25 ||    57
Dodge: Dodged            |    51 |    60 ||   111
